 Dungeon Crawl Stone Soup version 0.18-a0-750-g37044d6 (webtiles) character file.

238 lucasterio the Cudgeler (level 5, -1/61 HPs)
             Began as a Demonspawn Berserker on Dec 13, 2015.
             Was a Believer of Trog.
             Slain by AAAAA's ghost (6 damage)
             ... on level 3 of the Dungeon.
             The game lasted 00:05:03 (2104 turns).

lucasterio the Cudgeler (Demonspawn Berserker)      Turns: 2104, Time: 00:05:03

Health: -1/61      AC:  5    Str: 24    XL:     5   Next: 78%
Magic:  5/5        EV: 11    Int:  8    God:    Trog [**....]
Gold:   104        SH:  0    Dex: 14    Spells: 0 memorised, 4 levels left

rFire  . . .     SeeInvis .     a - +0 mace
rCold  . . .     Clarity  .     l - +0 ring mail
rNeg   . . .     SustAt   .     (no shield)
rPois  .         Gourm    .     (no helmet)
rElec  .         Spirit   .     (no cloak)
rCorr  .         Dismiss  .     (no gloves)
rMut   .         Stasis   .     (no boots)
MR     .....                    (no amulet)
Stlth  ..........               (no ring)
                                (no ring)

@: berserking (expiring), very quick, not resistant to hostile enchantments,
extremely unstealthy
A: claws 2, thin skeletal structure 1, powered by death 1
a: Berserk, Trog's Hand, Burn Spellbooks, Renounce Religion


You were on level 3 of the Dungeon.
You worshipped Trog.
Trog was pleased with you.
You were not hungry.

You visited 1 branch of the dungeon, and saw 3 of its levels.

You collected 104 gold pieces.

Inventory:

Hand Weapons
 a - a +0 mace (weapon)
Armour
 l - a +0 ring mail (worn)
Scrolls
 e - a scroll of enchant armour {unknown}
 i - a scroll of remove curse {unknown}
 j - 2 scrolls of blinking {unknown}
Potions
 b - a potion of agility
 d - 2 potions of curing {unknown}
 h - a potion of mutation {unknown}
 k - a potion of flight {unknown}
 m - a potion of haste {unknown}
Comestibles
 c - 2 bread rations
 f - 7 chunks of flesh
 g - 2 beef jerkies


   Skills:
 - Level 3.0 Fighting
 * Level 5.0 Maces & Flails
 + Level 3.5 Armour
 - Level 1.7 Dodging


You had 4 spell levels left.
You didn't know any spells.

Dungeon Overview and Level Annotations

Branches:
Dungeon (3/15)

Altars:
Pakellas

Annotations:
D:3 AAAAA's ghost, weakling DrGl


Innate Abilities, Weirdness & Mutations

You have very sharp fingernails.
You have a somewhat thin skeletal structure (Dex +2, Stealth).
You regenerate a little health from kills.


Message History

You barely miss AAAAA's ghost.
AAAAA's ghost is heavily damaged.
AAAAA's ghost hits you!
You hit AAAAA's ghost but do no damage.
AAAAA's ghost is heavily damaged.
AAAAA's ghost barely misses you.
You barely miss AAAAA's ghost.
AAAAA's ghost is heavily damaged.
You barely miss AAAAA's ghost.
AAAAA's ghost is heavily damaged.
AAAAA's ghost hits you.
* * * LOW HITPOINT WARNING * * *
You sock AAAAA's ghost!
AAAAA's ghost is severely damaged.
AAAAA's ghost hits you!
* * * LOW HITPOINT WARNING * * *
You barely miss AAAAA's ghost.
AAAAA's ghost is severely damaged.
AAAAA's ghost hits you.
You die...

.............##
#.##..#.#
...#.##.#.....#.#
#.###.#.#
...#.##.........#
#.......#
...#.##.#.......#
#####.###
...#.##.##...#..###
#########.#
...#.##.(.........#
#.......#.#
.....######.##.##.#
#.#####.#.# ...###
##.##.##.###.#####.#.#
......W@..##.........#
##.#.###.<##..#.##.###
#........##.#
......###....^..#
#.##### ##......#
########


You could see AAAAA's ghost.

Vanquished Creatures
  Sigmund (D:2)
  2 adders (D:2)
  2 worms
  A giant gecko (D:2)
  4 ball pythons
  8 hobgoblins
  6 jackals
  4 kobolds
  7 bats
  7 giant cockroaches
  2 giant newts
  4 goblins
  9 rats
57 creatures vanquished.

Notes
Turn   | Place    | Note
--------------------------------------------------------------
     0 | D:1      | lucasterio the Demonspawn Berserker began the quest for the Orb.
     0 | D:1      | Reached XP level 1. HP: 18/18 MP: 1/1
   302 | D:1      | Gained mutation: You have sharp fingernails. [demonic ancestry]
   302 | D:1      | Reached XP level 2. HP: 24/24 MP: 2/2
   769 | D:1      | Reached ** piety under Trog
   880 | D:1      | Gained mutation: You have very sharp fingernails. [demonic ancestry]
   880 | D:1      | Reached XP level 3. HP: 25/29 MP: 3/3
  1131 | D:2      | Noticed Sigmund
  1144 | D:2      | Killed Sigmund
  1144 | D:2      | Reached skill level 4 in Maces & Flails
  1144 | D:2      | Gained mutation: You regenerate a little health from kills. [demonic ancestry]
  1144 | D:2      | Reached XP level 4. HP: 31/35 MP: 4/4
  1144 | D:2      | Gained mutation: You have a somewhat thin skeletal structure (Dex +2, Stealth). [demonic ancestry]
  1144 | D:2      | Reached XP level 5. HP: 36/41 MP: 5/5
  1549 | D:2      | Reached skill level 5 in Maces & Flails
  1887 | D:3      | Found an oddly glowing altar of Pakellas.
  2087 | D:3      | Noticed AAAAA's ghost (weakling DrGl)
  2104 | D:3      | Slain by AAAAA's ghost

Vault maps used:
D:1:      minmay_arrival_wavy_path
D:2:      uniq_sigmund
D:3:      first_bread, grunt_pakellas_basics

Action                   |  1- 3 |  4- 6 || total
-------------------------+-------+-------++-------
Melee: Mace              |    85 |    96 ||   181
Invok: Berserk           |     2 |     1 ||     3
 Stab: Sleeping          |       |     1 ||     1
  Eat: Chunk             |     2 |     4 ||     6
